 Dungeon Crawl Stone Soup version 0.26-a0-490-gf8362a0 (webtiles) character file.

Game seed: 6143863868707745056

21110 Illumine the Destroyer (level 12, -10/75 HPs)
             Began as a Tengu Conjurer on Aug 3, 2020.
             Was a Priest of Vehumet.
             Killed from afar by a swamp worm (19 damage)
             ... with a harpoon shot
             ... on level 2 of the Lair of Beasts.
             The game lasted 00:55:54 (20236 turns).

Illumine the Destroyer (Tengu Conjurer)            Turns: 20236, Time: 00:55:55

Health: -10/75     AC: 13    Str:  9    XL:     12   Next: 86%
Magic:  4/26       EV: 20    Int: 23    God:    Vehumet [***...]
Gold:   798        SH:  0    Dex: 12    Spells: 4/29 levels left

rFire    . . .     SeeInvis +   S - +3 halberd (protect)
rCold    . . .     Faith    .   (shield currently unavailable)
rNeg     . . .     Spirit   .   K - +1 troll leather armour
rPois    +         Reflect  .   (helmet restricted)
rElec    .         Harm     .   T - +2 cloak {rPois}
rCorr    .                      (no gloves)
MR       .....                  (boots unavailable)
Stlth    ++........             j - amulet of the acrobat
HPRegen  0.62/turn              k - +4 ring of protection
MPRegen  0.20/turn              N - ring of see invisible

@: flying quickly and evasively, very slightly contaminated, quick
A: beak, talons 3, able to fly
a: Stop Flying, Renounce Religion


You were on level 2 of the Lair of Beasts.
You worshipped Vehumet.
Vehumet was most pleased with you.
You visited 3 branches of the dungeon, and saw 14 of its levels.
You also visited: Sewer and Ossuary.

You collected 798 gold pieces.

Inventory:

Hand Weapons
 s - a +2 spear of freezing
 R - the cursed +2 short sword "Beastbane" {venom, Dex+4 Stlth+}
   (You found it on level 7 of the Dungeon)

   It poisons the flesh of those it strikes.
   It affects your dexterity (+4).
   It makes you more stealthy.
   It has a curse placed upon it.
 S - a +3 halberd of protection (weapon)
Missiles
 b - 8 silver javelins
 d - 20 boomerangs (quivered)
 n - 77 poisoned darts
Armour
 a - a +0 robe
 K - a +1 troll leather armour (worn)
 T - a +2 cloak of poison resistance (worn)
 Y - a scarf of harm
Jewellery
 f - an uncursed ring of ice
 j - an amulet of the acrobat (around neck)
 k - a +4 ring of protection (left hand)
 N - a ring of see invisible (right hand)
 Q - the ring of Zerociv {+Fly Str+2}
   (You found it on level 7 of the Dungeon)

   [ring of flight]

   It affects your strength (+2).
   It lets you fly.
Wands
 g - a wand of iceblast (15)
 u - a wand of polymorph (34)
 x - a wand of acid (7)
 L - a wand of paralysis (8)
 M - a wand of digging (13)
 O - a wand of disintegration (28)
 P - a wand of random effects (19)
 U - a wand of flame (56)
Scrolls
 e - 10 scrolls of remove curse
 h - 6 scrolls of magic mapping
 i - a scroll of summoning {unknown}
 l - 2 scrolls of enchant weapon
 q - 9 scrolls of teleportation
 r - 2 scrolls of immolation
 w - 2 scrolls of enchant armour
 y - 2 scrolls of fog
 B - a scroll of blinking
 D - 5 scrolls of amnesia
 V - a scroll of fear
 X - a scroll of random uselessness {unknown}
 Z - a scroll of vulnerability {unknown}
Potions
 c - a potion of flight {unknown}
 m - 4 potions of heal wounds
 o - a potion of berserk rage {unknown}
 p - 6 potions of magic
 t - 8 potions of curing
 v - 2 potions of resistance
 z - 5 potions of might
 A - 7 potions of haste
 C - 4 potions of brilliance
 E - a potion of degeneration {unknown}
 F - 3 potions of invisibility
 G - 3 potions of lignification {unknown}
 H - 3 potions of ambrosia {unknown}
 I - 3 potions of mutation {unknown}
 J - 2 potions of stabbing {unknown}
 W - 3 potions of cancellation {unknown}


   Skills:
 + Level 8.6 Fighting
 - Level 4.0 Polearms
 - Level 5.0 Armour
 + Level 10.2 Dodging
 - Level 2.0 Stealth
 + Level 9.0 Spellcasting
 + Level 12.8 Conjurations
 + Level 5.9 Fire Magic
 + Level 4.3 Air Magic
 - Level 5.6 Evocations


You had 4 spell levels left.
You knew the following spells:

 Your Spells              Type           Power        Failure   Level
a - Magic Dart            Conj           ####         1%          1
b - Searing Ray           Conj           ######       1%          2
c - Dazzling Flash        Conj/Hex       #####.       1%          3
d - Fulminant Prism       Conj/Hex       #####.....   1%          4
e - Iskenderun's Mystic   Conj/Tloc      #####...     1%          4
f - Stone Arrow           Conj/Erth      #####.       1%          3
g - Foxfire               Conj/Fire      ####         1%          1
h - Static Discharge      Conj/Air       #####...     1%          3
i - Airstrike             Air            ####......   4%          4

Your spell library contained the following spells:

 Spells                   Type           Power        Failure   Level
 Mephitic Cloud           Conj/Pois/Air  #####...     1%          3
 Sandblast                Erth           ##....       2%          1
 Ignite Poison            Fire/Tmut/Pois ###.....     3%          3
 Poisonous Vapours        Pois/Air       ###...       5%          2
 Sting                    Tmut/Pois      ##..         9%          1
 Passwall                 Tmut/Erth      ##......     12%         2
 Olgreb's Toxic Radiance  Pois           ##......     21%         4
 Petrify                  Tmut/Erth      ##......     63%         4
 Lee's Rapid Deconstruct  Erth           ##........   47%         5


Dungeon Overview and Level Annotations

Branches:
Dungeon (10/15)            Temple (1/1) D:5            Lair (3/6) D:8
 Spider (0/4) Lair:2        Sewer (visited)         Ossuary (visited)
  Swamp: Lair:2-4    Shoals: Lair:2-4       Orc: D:9-12

Altars:
Ashenzari
Cheibriados
Dithmenos
Elyvilon
Fedhas
Gozag
Hepliaklqana
Kikubaaqudgha
Makhleb
Nemelex Xobeh
Okawaru
Qazlal
Ru
Sif Muna
Trog
Uskayaw
Vehumet
Wu Jian
Xom
Yredelemnul
Zin
The Shining One

Annotations:
Lair:1 exclusion: 2 oklob plants


Innate Abilities, Weirdness & Mutations

You have a beak for a mouth.
You have claws for feet.
You can fly continuously.


Message History

Unknown command.
Casting: Stone Arrow (safe; 1% risk of failure)
Confirm with . or Enter, or press ? or * to list all spells.
Aiming: Stone Arrow (safe; 1% risk of failure)
Press: ? - help, Shift-Dir - straight line, f/p - komodo dragon
Aim: a komodo dragon (almost dead)
The stone arrow hits the komodo dragon.
The komodo dragon is almost dead.
The swamp worm bites you!
* * * LOW HITPOINT WARNING * * *
Save game and exit?
Welcome back, Illumine the Tengu Conjurer.
Vehumet says: Let it end in hellfire!
Press ? for a list of commands and other information.
Press: ? - help, Dir - move target cursor You are very lightly contaminated with residual magic.
As you read the scroll of blinking, it crumbles to dust.
The swamp worm fires a harpoon shot at you.
The harpoon shot hits you!!
You die...

#######..........##..###.)..# ##
#....P.....#........... .#
#...#......#.#........# .##
#####......##.........# ..#
#........####.#.##. #.#####
##>.......# ###.P## #.....##
#........## ##..## #....#.####
#P........# #..... #......##P#
##.@.....## #####...
#.........#####.......####.#.....
#..#........##........##.........
..####.)(......................#.
#..# #.†..l§w................###.
..####..>....................# ##
.........[..#P.........#.....##
...#.##.)..##P................#
##.#.###†#..##.........#.....##


You could see a swamp worm.

Vanquished Creatures
  A hydra (Lair:1)
  A two-headed ogre (D:8)
  Sonja (Lair:1)
  Urug (Lair:2)
  An unseen horror (D:10)
  A black mamba (Lair:1)
  6 cane toads
  2 komodo dragons
  5 polar bears
  2 jumping spiders (Lair:2)
  3 trolls
  4 blink frogs (Lair:1)
  A hornet (D:8)
  5 hippogriffs
  2 redbacks (Lair:2)
  Eustachio (D:5)
  A wraith (D:7)
  14 yaks
  A steam dragon (D:10)
  4 basilisks
  A swamp worm (Lair:2)
  9 water moccasins
  3 porcupines
  2 orc warriors (D:6)
  4 ice beasts
  4 sky beasts
  9 black bears
  A necrophage (D:6)
  8 wolves
  2 ogres (D:8)
  5 crocodiles
  4 centaurs
  A gnoll sergeant (D:2)
  12 bullfrogs
  A wyvern zombie (D:6)
  2 water moccasin zombies (Ossuary)
  A scorpion (D:8)
  5 howler monkeys
  3 wights (D:6)
  3 electric eels
  A jelly (D:6)
  6 centaur zombies
  A quasit (D:6)
  4 hounds
  A centaur skeleton (D:5)
  8 orc priests
  Crazy Yiuf (D:2)
  11 orc wizards
  Ijyb (D:4)
  7 worker ants
  5 big kobold zombies (Ossuary)
  A hound zombie (D:8)
  A hound skeleton (D:8)
  2 mummies (Ossuary)
  3 worker ant zombies
  15 gnolls
  22 adders
  3 river rats (Sewer)
  8 shadow imps
  4 white imps
  4 ufetubi
  3 oozes
  4 adder skeletons
  5 adder zombies
  5 worms
  2 dart slugs
  3 leopard geckos
  28 orcs
  12 ball pythons (Sewer)
  6 giant cockroaches
  7 goblins
  5 hobgoblins
  7 jackals
  4 quokkas
  8 bats
  6 frilled lizards
  A goblin skeleton (D:7)
  A goblin zombie (D:7)
  9 hobgoblin zombies
  A jackal skeleton (D:6)
  7 kobolds
  5 kobold zombies (Ossuary)
  A leopard gecko skeleton (D:4)
  An orc skeleton (D:7)
  4 orc zombies
  A quokka skeleton (D:4)
  31 rats
  4 plants
417 creatures vanquished.

Vanquished Creatures (others)
  A quokka (D:2)
  A kobold (D:2)
  14 foxfires
  17 fulminant prisms
  4 fungi (Lair:2)
  6 plants
43 creatures vanquished.

Grand Total: 460 creatures vanquished

Notes
Turn   | Place    | Note
-------+----------+-------------------------------------------
     0 | D:1      | Illumine the Tengu Conjurer began the quest for the Orb.
     0 | D:1      | Reached XP level 1. HP: 10/10 MP: 4/4
   551 | D:1      | Reached XP level 2. HP: 15/15 MP: 4/6
   555 | D:1      | Learned a level 2 spell: Searing Ray
  1170 | D:2      | Reached XP level 3. HP: 19/19 MP: 2/7
  1251 | D:2      | Found a bloodstained altar of Trog.
  1465 | D:2      | Noticed a gnoll sergeant
  1589 | D:2      | Learned a level 3 spell: Dazzling Flash
  2099 | D:2      | Found a sacrificial altar of Ru.
  2115 | D:3      | Reached skill level 6 in Conjurations
  2115 | D:3      | Reached XP level 4. HP: 24/24 MP: 6/9
  2316 | D:3      | Found an iron altar of Okawaru.
  2372 | D:3      | Found a faded altar of an unknown god.
  2479 | D:3      | Gained mutation: You can fly continuously. [Tengu growth]
  2479 | D:3      | Reached XP level 5. HP: 28/28 MP: 6/10
  2681 | D:3      | Found a glowing drain.
  2692 | Sewer    | Entered a sewer
  3162 | Sewer    | Reached XP level 6. HP: 25/32 MP: 5/12
  3336 | Sewer    | Reached skill level 7 in Conjurations
  4501 | D:4      | Reached XP level 7. HP: 23/37 MP: 14/14
  4728 | D:4      | Found an ornate altar of the Wu Jian Council.
  4875 | D:4      | Noticed Ijyb
  4921 | D:4      | Killed Ijyb
  4973 | D:4      | Reached skill level 5 in Dodging
  5117 | D:4      | Reached skill level 1 in Fighting
  5128 | D:4      | Found a sparkling altar of Nemelex Xobeh.
  5194 | D:5      | Entered Level 5 of the Dungeon
  5204 | D:5      | Reached skill level 1 in Polearms
  5234 | D:5      | Found a staircase to the Ecumenical Temple.
  5244 | Temple   | Entered the Ecumenical Temple
  5413 | D:5      | Found an opulent altar of Gozag.
  5443 | D:5      | Found a hide-covered altar of Uskayaw.
  5789 | D:5      | Found a shimmering altar of Xom.
  5798 | D:5      | Noticed Eustachio
  5805 | D:5      | Killed Eustachio
  5805 | D:5      | Reached skill level 8 in Conjurations
  5805 | D:5      | Reached skill level 1 in Evocations
  5896 | D:5      | Found an opulent altar of Gozag.
  6062 | D:5      | Reached XP level 8. HP: 44/44 MP: 9/15
  6278 | D:5      | Found an ancient bone altar of Kikubaaqudgha.
  6568 | D:6      | Learned a level 4 spell: Fulminant Prism
  6570 | D:6      | Found a sand-covered staircase.
  6579 | Ossuary  | Entered an ossuary
  6863 | Ossuary  | Reached skill level 5 in Spellcasting
  7157 | D:6      | Learned a level 4 spell: Iskenderun's Mystic Blast
  7378 | D:6      | Noticed a troll
  7395 | D:6      | Killed a troll
  7540 | D:6      | Found a white marble altar of Elyvilon.
  7550 | D:6      | Reached XP level 9. HP: 51/51 MP: 15/18
  7731 | D:6      | Reached skill level 9 in Conjurations
  7733 | D:6      | Reached skill level 1 in Armour
  8361 | D:6      | Reached skill level 5 in Evocations
  8571 | D:6      | HP: 2/52 [orc warrior/stone (2)]
  8869 | D:7      | Found a glowing golden altar of the Shining One.
  9153 | D:7      | Learned a level 3 spell: Stone Arrow
  9164 | D:7      | Got a faintly glowing bronze ring
  9165 | D:7      | Identified the ring of Zerociv {+Fly Str+2} (You found it
                  | on level 7 of the Dungeon)
  9339 | D:7      | Got an ivory short sword
  9468 | D:7      | Reached skill level 10 in Conjurations
  9468 | D:7      | Reached XP level 10. HP: 42/58 MP: 12/20
  9523 | D:7      | Reached skill level 5 in Fighting
  9686 | D:7      | Found a shimmering blue altar of Sif Muna.
 10498 | D:2      | Found a runed translucent door.
 10499 | D:2      | Noticed Crazy Yiuf
 10505 | D:2      | Killed Crazy Yiuf
 11259 | D:8      | Noticed a two-headed ogre
 11766 | D:9      | Found a radiant altar of Vehumet.
 11781 | D:9      | Became a worshipper of Vehumet
 12059 | D:8      | Killed a two-headed ogre
 12059 | D:8      | Reached skill level 5 in Armour
 12445 | D:8      | Found a staircase to the Lair.
 12742 | D:8      | Reached skill level 11 in Conjurations
 13106 | Lair:1   | Entered Level 1 of the Lair of Beasts
 13127 | Lair:1   | Noticed a cane toad
 13135 | Lair:1   | Killed a cane toad
 13135 | Lair:1   | Reached XP level 11. HP: 40/65 MP: 16/22
 13288 | Lair:1   | Upgraded the game from 0.26-a0-489-g112e8ad to
                  | 0.26-a0-490-gf8362a0
 13324 | Lair:1   | Noticed an oklob plant
 13324 | Lair:1   | Noticed an oklob plant
 13350 | Lair:1   | Reached * piety under Vehumet
 13350 | Lair:1   | Offered knowledge of Foxfire by Vehumet.
 13435 | Lair:1   | Learned a level 1 spell: Foxfire
 14007 | Lair:1   | Noticed a six-headed hydra
 14027 | Lair:1   | Killed a six-headed hydra
 14027 | Lair:1   | Reached skill level 1 in Fire Magic
 14301 | Lair:1   | Identified the cursed +2 short sword "Beastbane" {venom,
                  | Dex+4 Stlth+} (You found it on level 7 of the Dungeon)
 14593 | Lair:1   | Noticed Sonja
 15152 | D:9      | Offered knowledge of Freeze by Vehumet.
 15576 | D:10     | Entered Level 10 of the Dungeon
 15599 | D:10     | Reached ** piety under Vehumet
 15800 | D:10     | Reached skill level 12 in Conjurations
 15845 | D:10     | Got a steaming helmet
 16107 | D:10     | Killed an unseen horror
 16249 | Lair:1   | Killed Sonja
 16249 | Lair:1   | Reached XP level 12. HP: 73/73 MP: 21/25
 17067 | Lair:2   | Offered knowledge of Static Discharge by Vehumet.
 17088 | Lair:2   | Learned a level 3 spell: Static Discharge
 17324 | Lair:2   | Reached skill level 1 in Air Magic
 17457 | Lair:2   | Found a hole to the Spider Nest.
 17616 | Lair:1   | Reached *** piety under Vehumet
 17869 | Lair:2   | Reached skill level 5 in Fire Magic
 18552 | Lair:3   | Reached skill level 10 in Dodging
 18704 | Lair:3   | Noticed Urug
 19232 | Lair:2   | Offered knowledge of Airstrike by Vehumet.
 19238 | Lair:2   | Learned a level 4 spell: Airstrike
 19898 | Lair:2   | Killed Urug
 20236 | Lair:2   | Killed from afar by a swamp worm

Illustrated notes

Levels and vault maps discovered:
D:1:      co_arrival_random_square_maze, layout_basic
D:2:      layout_basic, overflow_temple_1_default,
          nicolae_overflow_hidden_temple, st_stairs_8, lemuel_another_geyser,
          uniq_crazy_yiuf_cottage
D:3:      layout_loops_cross, okawaru_ov_weapons_minmay, portal_sewer_entry_d,
          chequers_ecumenical_altar_twisty
D:4:      layout_rooms, nicolae_overflow_crystal_walls, lemuel_round_altar,
          uniq_ijyb
D:5:      layout_cave_pods, kiku_gazebo_pond_becter, kennysheep_mini,
          lemuel_round_altar, lemuel_doored_altar, temple_statues, st_stairs_5,
          chequers_garden, nicolae_gozag_cash_rules_everything_around_me,
          uniq_eustachio
D:6:      layout_loops_corners, elyvilon_altar_5,
          lightli_ossuary_entry_decrepit_ruins, minmay_joined_circles
D:7:      layout_basic, led_sif_pool, nicolae_tso_besieged_by_evil,
          grunt_ministairs_10
D:8:      layout_gridville, david_lair_generic, serial_bayou_ford_a
D:9:      layout_cave_pools, vehumet_altar_wand_db
D:10:     layout_gridville, kennysheep_orc_monster_closet_entryway,
          nicolae_looking_at_the_future
Temple:   nicolae_temple_figure_zero
Lair:1:   layout_cave_pods, serial_bayou_shore_a, grunt_megastairs_2,
          minmay_lair_oklob_chamber, infiniplex_staircase_pool,
          lemuel_fruit_tree, uniq_sonja
Lair:2:   beast_lair_carwin_large_4, layout_hall_layers,
          spider_nest_entry_funnel_web, cheibrodos_lair_reptile_den
Lair:3:   layout_gridlike, palyth_hydra_swamp_entry, serial_bayou_lagoon_a,
          grunt_megastairs_3, uniq_urug

Skill      XL: |  1  2  3  4  5  6  7  8  9 10 11 12 |
---------------+-------------------------------------+-----
Dodging        | 3 4 5 6 8 9 10 | 10.2
Conjurations   | 6 7 8 10 11 12 | 12.8
Spellcasting   | 3 4 5 6 7 8 9 |  9.0
Fighting       | 2 3 4 6 7 8 |  8.6
Polearms       | 2 4 |  4.0
Evocations     | 1 3 5 |  5.6
Armour         | 3 5 |  5.0
Fire Magic     | 4 5 |  5.9
Air Magic      | 4 |  4.3
Stealth        | |  2.0

Action                   |  1- 3 |  4- 6 |  7- 9 | 10-12 || total
-------------------------+-------+-------+-------+-------++-------
Melee: Unarmed           |     1 |       |    23 |       ||    24
       Dagger            |       |    56 |       |       ||    56
       Kick              |       |     8 |    48 |    21 ||    77
       Peck              |       |     4 |    38 |    21 ||    63
       Spear             |       |    10 |   228 |     4 ||   242
       Halberd           |       |       |       |    91 ||    91
Throw: Dart              |       |       |     5 |     2 ||     7
       Boomerang         |       |       |       |     2 ||     2
 Cast: Magic Dart        |    56 |    53 |    68 |   142 ||   319
       Searing Ray       |     3 |    18 |    66 |   112 ||   199
       Dazzling Flash    |       |       |       |    11 ||    11
       Fulminant Prism   |       |       |       |    17 ||    17
       Iskenderun's Myst |       |       |       |    33 ||    33
       Foxfire           |       |       |       |     8 ||     8
       Stone Arrow       |       |       |       |    74 ||    74
       Airstrike         |       |       |       |    11 ||    11
 Abil: Fly               |       |     1 |       |       ||     1
Evoke: Wand              |       |       |     1 |     5 ||     6
  Use: Scroll            |       |       |     9 |    10 ||    19
       Potion            |       |       |     4 |       ||     4
 Stab: Confused          |       |       |     1 |       ||     1
       Sleeping          |       |       |     4 |     1 ||     5
Armor: Robe              |       |     7 |    49 |       ||    56
       Skin              |       |       |     2 |       ||     2
       Troll leather arm |       |       |    23 |   121 ||   144
Dodge: Dodged            |     4 |    67 |   205 |   373 ||   649

Table legend: (Time is in decaauts)
 A = Elapsed time spent in this place.
 B = Non-inter-level travel time spent in this place.
 C = Inter-level travel time spent in this place.
 D = Time resting spent in this place.
 E = Time spent auto-exploring this place.
 F = Levels seen in this place.
 G = Mean time per level.
                   A        B        C        D        E       F      G
               +--------+--------+--------+--------+--------+-----+--------+
         Total |  19469 |  18563 |    906 |   7465 |   7081 |  16 | 1216.8 |
       Dungeon |  12597 |  11834 |    763 |   4019 |   5485 |  10 | 1259.7 |
        Temple |    123 |    123 |      0 |      0 |     97 |   1 |  123.0 |
          Lair |   5316 |   5173 |    143 |   2717 |   1311 |   3 | 1772.0 |
         Sewer |   1063 |   1063 |      0 |    638 |    168 |   1 | 1063.0 |
       Ossuary |    368 |    368 |      0 |     89 |     18 |   1 |  368.0 |
               +--------+--------+--------+--------+--------+-----+--------+

Top non-repeatable levels by time:
  Lair:1: 2309 daAuts
  Lair:2: 2247 daAuts
     D:8: 1857 daAuts
     D:6: 1750 daAuts
     D:7: 1724 daAuts
     D:2: 1596 daAuts
     D:5: 1259 daAuts
     D:3: 1240 daAuts
     D:1: 1104 daAuts
   Sewer: 1063 daAuts
     D:9: 791 daAuts
  Lair:3: 759 daAuts
     D:4: 755 daAuts
    D:10: 517 daAuts
 Ossuary: 368 daAuts
